Map: New Repugnancy LE

Players

LiquidSnute (Snute)

  • Race: Zerg Zerg
  • League: Grandmaster
  • Spawn Location: 1:00

Harstem - Winner!

  • Race: Protoss Protoss
  • League: Grandmaster
  • Spawn Location: 7:00

Event: HomeStory Cup XIX

VOD

Have the link to the VOD?

Description

Time

  • Played on: June 27, 2019, 6:59 a.m.
  • Length: 7:56

All games in this series

Show
View Real Time Build Order
Export as new Build Order

LiquidSnute Zerg 

Build Orders: Pool First 

Get SALT Encoding   

  12  0:16  Spawning Pool  
  11  0:22  Drone  
  11  0:27  Drone  
  13  0:31  Drone  
  14  0:41  Overlord  
  14  1:03  Zergling x4, Queen  
  18  1:05  Zergling x2  
  19  1:15  Zergling x2  
  20  1:26  Zergling x2  
  21  1:34  Hatchery  
  21  1:38  Zergling x2  
  21  1:45  Hatchery  
  21  1:50  Overlord  
  21  1:58  Drone  
  22  2:09  Drone  
  22  2:12  Drone x3  
  26  2:24  Queen  
  26  2:27  Extractor  
  27  2:30  Zergling x2  
  27  2:33  Zergling x2  
  29  2:44  Zergling x2  
  30  2:57  Zergling x2  
  31  2:59  Queen, Overlord  
  31  3:01  Zergling x2  
  31  3:04  Drone x2  
  36  3:12  Overlord  
  36  3:24  Drone  
  36  3:25  Drone x2  
  38  3:29  Drone  
  38  3:31  Drone  
  40  3:34  Drone  
  40  3:37  Drone  
  42  3:43  Drone  
  42  3:44  Drone  
  44  3:55  Drone, Overlord  
  44  3:56  Drone x2  
  44  4:00  Metabolic Boost  
  47  4:15  Hatchery  
  46  4:18  Drone  
  46  4:20  Drone  
  46  4:21  Drone  
  46  4:23  Drone  
  50  4:26  Drone  
  50  4:30  Baneling Nest  
  50  4:33  Extractor  
  50  4:34  Overlord  
  49  4:39  Drone x2  
  51  4:51  Overlord  
  51  4:53  Zergling x10  
  51  4:57  Spore Crawler  
  51  4:59  Spore Crawler  
  54  5:14  Baneling x11  
  54  5:16  Zergling x6  
  54  5:17  Zergling x2  
  58  5:26  Baneling  
  61  5:28  Zergling x10  
  61  5:31  Zergling x2  
  64  5:38  Zergling x8  
  64  5:41  Baneling x3  
  63  5:51  Drone x5  
  63  5:53  Drone  
  63  5:55  Drone  
  65  6:00  Drone x3  
  63  6:07  Roach Warren  
  63  6:09  Drone  
  63  6:21  Baneling x10  
  63  6:24  Zergling x8  
  67  6:27  Overlord  
  67  6:34  Baneling x3  
  67  6:40  Zergling x12  
  73  6:50  Overlord  
  73  6:57  Zergling x18  
  73  6:59  Overlord  
  73  7:00  Overlord  
  81  7:11  Roach x4  
  87  7:20  Baneling x6  
  83  7:43  Hatchery  
Show
View Real Time Build Order
Export as new Build Order

Harstem Protoss - Winner!

Build Orders:  

Get SALT Encoding   

  12  0:01  Probe  
  13  0:13  Probe  
  14  0:18  Pylon  
  14  0:25  Probe  
  15  0:36  Probe, Gateway  
  16  0:44  Probe  
  17  0:51  Assimilator  
  17  0:53  Probe  
  18  1:05  Probe  
  19  1:18  Zealot  
  20  1:21  Gateway  
  20  1:24  Cybernetics Core  
  20  1:30  Pylon  
  21  1:33  Probe  
  22  1:47  Zealot  
  22  1:48  Probe  
  25  1:58  Adept  
  25  2:02  Probe  
  28  2:14  Probe, Adept  
  31  2:18  Pylon  
  31  2:20  Warp Gate  
  31  2:41  Nexus  
  31  2:49  Probe  
  31  2:51  Assimilator  
  32  2:58  Robotics Facility  
  32  3:02  Probe  
  33  3:13  Stalker  
  33  3:14  Probe  
  36  3:26  Probe  
  37  3:32  Pylon  
  37  3:38  Warp Prism  
  38  3:50  Probe  
  38  3:54  Probe  
  41  3:59  Gateway  
  41  4:02  Probe  
  42  4:04  Immortal  
  42  4:06  Probe  
  43  4:14  Sentry  
  49  4:18  Probe, Sentry  
  49  4:21  Probe  
  53  4:29  Pylon  
  53  4:30  Probe  
  54  4:33  Probe  
  54  4:35  Immortal  
  55  4:42  Probe  
  60  4:48  Assimilator  
  60  4:54  Probe  
  60  4:57  Probe  
  60  4:58  Gateway  
  62  5:04  Immortal  
  62  5:10  Probe  
  62  5:11  Probe  
  64  5:14  Pylon  
  68  5:22  Probe  
  68  5:26  Gateway  
  68  5:27  Gateway  
  69  5:31  Pylon  
  69  5:37  Observer, Gateway  
  69  5:39  Sentry x3  
  75  5:42  Pylon  
  72  5:51  Probe  
  72  5:53  Sentry  
  72  5:54  Probe  
  72  5:56  Cybernetics Core  
  76  5:58  Immortal  
  76  6:03  Probe  
  77  6:05  Assimilator  
  81  6:16  Probe, Gateway  
  82  6:30  Probe, Pylon  
  83  6:35  Sentry  
  83  6:36  Shield Battery  
  83  6:37  Sentry, Zealot  
  83  6:38  Zealot x2  
  93  6:53  Zealot x2  
  97  6:56  Pylon  
  97  6:58  Pylon  
  97  7:02  Pylon  
  97  7:08  Stalker x2  
  101  7:16  Stalker x3  
  97  7:23  Stalker x5  
  97  7:25  Sentry  
  97  7:27  Probe  
  110  7:38  Stalker x2  
  110  7:40  Stalker  
  110  7:41  Stalker  
  116  7:52  Sentry  
  116  7:53  Zealot x3  
Tags
 
Add a new tag
Caveats
  • Supply blocks, unpowered buildings, or Contaminate may cause inaccurate times.
  • Supply counts are checked every 10 seconds.